 Dungeon Crawl Stone Soup version 0.16.1-7-g2c6721e (webtiles) character file.

26796 Chiseanne the Imperceptible (level 13, -2/57 HPs)
             Began as a Spriggan Assassin on Mar 29, 2015.
             Was an Initiate of Gozag.
             Killed from afar by a lindwurm (21 damage)
             ... with a blast of flame
             ... on level 7 of the Lair of Beasts.
             The game lasted 01:20:58 (18280 turns).

Chiseanne the Imperceptible (Spriggan Assassin)    Turns: 18280, Time: 01:20:59

Health: -2/57      AC:  9    Str: 13    XL:     13   Next: 0%
Magic:  0/22       EV: 36    Int: 14    God:    Gozag
Gold:   1275       SH:  6    Dex: 25    Spells: 3 memorised, 6 levels left

rFire  . . .     SeeInvis +     d - +7 hand axe of the Nexus {holy, Str+6 Stlth+}
rCold  . . .     Clarity  +     N - +2 robe {rN+}
rNeg   + . .     SustAb   .     B - +0 buckler
rPois  .         Gourm    .     E - +2 hat {Spirit}
rElec  .         Spirit   +     m - +2 cloak {MR+}
rCorr  .         Warding  .     (gloves unavailable)
rMut   .         Stasis   .     (boots unavailable)
MR     +++..                    D - amulet of clarity
Stlth  ++++++++++               (no ring)
                                h - +4 ring of dexterity

@: very quick, extremely resistant to hostile enchantments, uncannily stealthy
A: unfitting armour, see invisible, clarity, herbivore 3, speed 3, slow
metabolism 2
a: Potion Petition, Call Merchant, Bribe Branch, Renounce Religion


You were on level 7 of the Lair of Beasts.
You worshipped Gozag.
Gozag was noncommittal.
You were not hungry.

You visited 3 branches of the dungeon, and saw 16 of its levels.
You also visited: Sewer.

You collected 3124 gold pieces.
You paid 1849 gold pieces to Gozag.

Inventory:

Hand weapons
 a - a +2 dagger of venom
 d - the +7 hand axe of the Nexus (weapon) {holy, Str+6 Stlth+}
   (You found it on level 8 of the Dungeon)

   It has been blessed by the Shining One to cause great damage to the undead
   and demons.
   It affects your strength (+6).
   It makes you more stealthy.
 s - a +2 dagger of freezing
 w - a +0 blowgun
 S - a +1 rapier of venom
Missiles
 e - 16 poisoned needles
 f - 2 throwing nets
 u - 14 bolts
 J - 5 tomahawks (quivered)
 P - 11 silver bolts
 Q - 57 arrows
 U - 12 poisoned bolts
 W - 44 sling bullets
 X - 13 exploding sling bullets
Armour
 m - a +2 cloak of magic resistance (worn)
 B - a +0 buckler (worn)
 E - a +2 hat of spirit shield (worn)
 N - a +2 robe of positive energy (worn)
Jewellery
 h - a +4 ring of dexterity (left hand)
 t - an uncursed amulet of guardian spirit
 D - an amulet of clarity (around neck)
 I - an uncursed amulet of stasis
 T - an uncursed ring of ice
Magical devices
 x - a wand of invisibility (1)
 y - a wand of digging (0)
Scrolls
 c - 4 scrolls of amnesia
 j - a scroll of magic mapping
 k - 3 scrolls of enchant armour
 l - 7 scrolls of remove curse
 n - 6 scrolls of teleportation
 q - a scroll of fog
 v - a scroll of immolation
 O - 4 scrolls of fear
 V - a scroll of recharging
Potions
 b - 3 potions of restore abilities
 i - 3 potions of heal wounds
 o - 3 potions of brilliance {unknown}
 p - 9 potions of curing
 r - 2 potions of invisibility
 A - 2 potions of ambrosia
 C - a potion of resistance {unknown}
 F - 2 potions of magic {unknown}
 G - 3 potions of flight
 K - a potion of mutation {unknown}
 L - a potion of cure mutation {unknown}
 M - 2 potions of poison {unknown}
 R - a potion of degeneration {unknown}
Books
 z - a book of Control

   Spells                             Type                      Level
   a - Control Teleport               Charms/Translocation         4
   b - Control Undead                 Necromancy                   4
   c - Enslavement                    Hexes                        4
   d - Metabolic Englaciation         Hexes/Ice                    5
   e - Mass Confusion                 Hexes                        6
Comestibles
 g - 7 bread rations
 H - a slice of pizza


   Skills:
 - Level 1.5 Fighting
 - Level 2.1 Short Blades
 - Level 2.1 Throwing
 - Level 16.8 Dodging
 * Level 24.7 Stealth


You had 6 spell levels left.
You knew the following spells:

 Your Spells              Type           Power        Failure   Level  Hunger
a - Stoneskin             Trmt/Erth      #.......     75%         2    ###....
b - Passwall              Trmt/Erth      #.........   97%         3    ####...
c - Apportation           Tloc           #.........   50%         1    ##.....


Dungeon Overview and Level Annotations

Branches:
Dungeon (8/15)             Temple (1/1) D:5            Lair (7/8) D:8
 Shoals (0/5) Lair:5        Snake (0/5) Lair:3        Slime (0/6) Lair:6

Altars:
Ashenzari
Cheibriados
Dithmenos
Elyvilon
Fedhas
Gozag
Kikubaaqudgha
Makhleb
Nemelex Xobeh
Okawaru
Qazlal
Ru
Sif Muna
Trog
Vehumet
Xom
Yredelemnul
Zin
The Shining One
Jiyva

Shops:
D:9 [   D:10 [   D:13 (

Annotations:
D:4 Menkaure
D:6 hornqvist's ghost, experienced NaFi
Lair:4 exclusion: oklob plant, hornqvist's ghost, powerful NaFi


Innate Abilities, Weirdness & Mutations

You are tiny and cannot use many weapons and most armour.
You have supernaturally acute eyesight.
You are a herbivore.
You cover ground extremely quickly.
You need consume almost no food.
You possess an exceptional clarity of mind.


Message History

The lindwurm closely misses you. The lindwurm claws you.
The lindwurm completely misses you.
Wield which item (- for none, * to show all)? (? for menu, Esc to quit)
Your +2 dagger of venom stops dripping with poison.
It softly glows with a divine radiance!
d - the +7 hand axe of the Nexus (weapon)
{holy, Str+6 Stlth+} You hit the lindwurm.
The lindwurm is heavily wounded.
The lindwurm breathes flames at you. The blast of flame hits you!
The lindwurm bites you!! The lindwurm completely misses you. x2
You hit the lindwurm.
The lindwurm is severely wounded.
The lindwurm completely misses you. x2
The lindwurm closely misses you.
There is a stone staircase leading up here.
The lindwurm breathes flames at you. The blast of flame hits you!
You die...
Your body crumbles into a pile of gold.

### #P.........#
..##..##..........#
...PP...k........##
....P.............#
...P.............##
..................#
..................#
........<.........#
........@.........#
..................
................
...............
...............
..#P#.#P##...
######## ..


You could see a lindwurm.

Vanquished Creatures
  Maud (Lair:3)
  Harold (Lair:3)
  2 hydras
  A catoblepas (Lair:6)
  Nergalle (Lair:2)
  The ghost of Elizilla the Grappler, an experienced TrMo of Cheibriados (D:8)
  A necromancer (Lair:5)
  2 oklob plants (Lair:4)
  3 elephants (Lair:5)
  A naga mage (Lair:3)
  4 black mambas
  A fire drake (Lair:5)
  6 spiny frogs
  3 komodo dragons
  4 wandering mushrooms (Lair:6)
  3 polar bears (Lair:6)
  Grinder (D:6)
  5 basilisks
  25 yaks
  A wyvern (Lair:5)
  2 steam dragons (D:7)
  A hungry ghost (D:7)
  9 wolves
  6 hippogriffs
  12 water moccasins
  Purgy (Sewer)
  3 ice beasts
  7 porcupines
  A necrophage (D:8)
  9 crocodiles
  An ogre (D:7)
  Sigmund (D:6)
  Duvessa (D:5)
  14 giant frogs
  Blork the orc (D:5)
  2 scorpions
  4 crimson imps
  Dowan (D:5)
  4 hounds
  2 orc priests (D:5)
  5 orc wizards
  Crazy Yiuf (D:2)
  9 iguanas
  Natasha (thrice) (D:3)
  10 hell rats (Lair:4)
  5 worker ants
  9 sheep (Lair:6)
  3 yak simulacra (Lair:5)
  2 polar bear simulacra (Lair:5)
  Ijyb (D:6)
  Jessica (D:2)
  5 wolf simulacra (Lair:5)
  Terence (D:2)
  A worker ant zombie (D:5)
  Robin (D:3)
  4 gnolls (D:7)
  23 adders
  53 river rats
  3 worms
  An adder zombie (D:8)
  4 giant geckos
  An ooze (D:6)
  22 orcs
  4 giant cockroaches
  9 hobgoblins
  2 jackals (D:3)
  15 quokkas
  3 ball pythons
  10 bats
  7 giant newts
  24 goblins
  12 kobolds
  28 rats
  A river rat simulacrum (Lair:5)
  8 ballistomycetes (D:6)
  3 fungi
  A plant (Lair:3)
444 creatures vanquished.

Vanquished Creatures (collateral kills)
  A phantom (D:8)
1 creature vanquished.

Vanquished Creatures (others)
  A giant spore (D:6)
  3 fungi
4 creatures vanquished.

Grand Total: 449 creatures vanquished

Notes
Turn   | Place    | Note
--------------------------------------------------------------
     0 | D:1      | Chiseanne, the Spriggan Assassin, began the quest for the Orb.
     0 | D:1      | Reached XP level 1. HP: 10/10 MP: 2/2
    22 | D:1      | Reached skill level 6 in Stealth
   405 | D:1      | Reached XP level 2. HP: 12/14 MP: 4/4
   987 | D:2      | Reached skill level 7 in Stealth
  1020 | D:2      | Reached XP level 3. HP: 7/18 MP: 6/6
  1258 | D:2      | Noticed Crazy Yiuf
  1293 | D:2      | Killed Crazy Yiuf
  1474 | D:2      | Reached XP level 4. HP: 22/22 MP: 8/8
  1499 | D:2      | Reached skill level 8 in Stealth
  1801 | D:2      | Noticed Terence
  1842 | D:2      | Killed Terence
  1861 | D:2      | Noticed Jessica
  1871 | D:2      | Killed Jessica
  1871 | D:2      | Reached XP level 5. HP: 23/25 MP: 10/10
  2255 | D:3      | Found a glowing drain.
  2264 | Sewer    | Entered a sewer
  2279 | Sewer    | Reached skill level 9 in Stealth
  2313 | Sewer    | Noticed hornqvist's ghost (average NaFi)
  2346 | Sewer    | Noticed Purgy
  2351 | Sewer    | Killed Purgy
  2351 | Sewer    | Reached skill level 5 in Dodging
  2357 | Sewer    | Reached XP level 6. HP: 27/30 MP: 12/12
  2514 | D:3      | Noticed Robin
  2573 | D:3      | Found a radiant altar of Vehumet.
  2591 | D:3      | Killed Robin
  3249 | D:3      | Noticed Natasha
  3262 | D:3      | Killed Natasha
  3356 | D:3      | Found a stormy altar of Qazlal.
  3386 | D:3      | Noticed Natasha
  3394 | D:3      | Killed Natasha
  3394 | D:3      | Reached skill level 10 in Stealth
  3452 | D:3      | Noticed Natasha
  3462 | D:3      | Killed Natasha
  3539 | D:4      | Learned a level 2 spell: Stoneskin
  3543 | D:4      | Learned a level 3 spell: Passwall
  4105 | D:4      | Noticed Menkaure
  4423 | D:4      | Found a burning altar of Makhleb.
  4501 | D:4      | Reached XP level 7. HP: 20/33 MP: 12/14
  4682 | D:5      | Entered Level 5 of the Dungeon
  4682 | D:5      | Noticed Duvessa
  4682 | D:5      | Noticed Dowan
  4685 | D:5      | Killed Dowan
  4747 | D:5      | Killed Duvessa
  4887 | D:5      | Noticed Blork the orc
  4903 | D:5      | Killed Blork the orc
  4903 | D:5      | Reached skill level 11 in Stealth
  5116 | D:5      | Found a staircase to the Ecumenical Temple.
  5150 | Temple   | Entered the Ecumenical Temple
  5246 | Temple   | Became a worshipper of Gozag Ym Sagoz the Greedy
  5830 | D:6      | Noticed hornqvist's ghost (experienced NaFi)
  5901 | D:6      | Noticed Ijyb
  5922 | D:6      | Killed Ijyb
  5946 | D:6      | Noticed Sigmund
  5953 | D:6      | Killed Sigmund
  5953 | D:6      | Reached XP level 8. HP: 33/37 MP: 16/16
  5983 | D:6      | Reached skill level 12 in Stealth
  6157 | D:6      | Noticed Grinder
  6186 | D:6      | Killed Grinder
  6186 | D:6      | Reached skill level 10 in Dodging
  6329 | D:6      | Found a glowing silver altar of Zin.
  6997 | D:7      | Reached skill level 13 in Stealth
  7402 | D:7      | Reached XP level 9. HP: 41/41 MP: 18/18
  7423 | D:7      | Found an ancient bone altar of Kikubaaqudgha.
  7430 | D:7      | Learned a level 1 spell: Apportation
  7434 | D:7      | Found an iron altar of Okawaru.
  7438 | D:7      | Found a white marble altar of Elyvilon.
  7597 | D:7      | Reached skill level 14 in Stealth
  7816 | D:8      | Noticed Elizilla's ghost (experienced TrMo)
  7958 | D:8      | Killed Elizilla's ghost
  8029 | D:8      | Got an iridescent hand axe
  8096 | D:8      | Identified the +7 hand axe of the Nexus {holy, Str+6 Stlth+} (You found it on level 8 of the Dungeon)
  8171 | D:8      | Reached skill level 15 in Stealth
  8340 | D:8      | Found a staircase to the Lair.
  8340 | D:8      | Noticed a spiny frog
  8972 | Lair:1   | Entered Level 1 of the Lair of Beasts
  8972 | Lair:1   | Noticed a komodo dragon
  9029 | D:8      | Killed a komodo dragon
  9029 | D:8      | Reached XP level 10. HP: 46/46 MP: 19/19
  9260 | Lair:1   | Noticed a black mamba
  9305 | Lair:1   | Killed a black mamba
  9305 | Lair:1   | Reached skill level 16 in Stealth
  9684 | Lair:1   | Noticed a spiny frog
  9691 | Lair:1   | Killed a spiny frog
  9706 | Lair:1   | Identified a scroll of acquirement
 10083 | Lair:1   | Noticed a spiny frog
 10110 | Lair:1   | Killed a spiny frog
 10281 | Lair:1   | Reached skill level 15 in Dodging
 10472 | Lair:1   | Noticed a six-headed hydra
 10504 | Lair:1   | Gained mutation: You possess an exceptional clarity of mind. [helix card]
 10653 | Lair:2   | Noticed an eight-headed hydra
 10661 | Lair:2   | Killed an eight-headed hydra
 10775 | Lair:2   | Noticed a black mamba
 10828 | Lair:2   | Killed a black mamba
 11026 | Lair:2   | Noticed Nergalle
 11059 | Lair:2   | Noticed a spectral orc warlord
 11246 | Lair:2   | Killed Nergalle
 11648 | Lair:2   | Reached skill level 17 in Stealth
 11728 | Lair:2   | Reached XP level 11. HP: 43/49 MP: 17/20
 12050 | Lair:3   | Found a staircase to the Snake Pit.
 12746 | Lair:2   | Reached skill level 18 in Stealth
 13065 | Lair:3   | Noticed Maud
 13074 | Lair:3   | Killed Maud
 13074 | Lair:3   | Reached skill level 19 in Stealth
 13352 | Lair:3   | Reached skill level 20 in Stealth
 13454 | Lair:3   | Noticed Harold
 13498 | Lair:3   | HP: 1/49 [Harold/bolt of fire (30)]
 13514 | Lair:3   | Killed Harold
 14348 | Lair:4   | Reached skill level 21 in Stealth
 14670 | Lair:4   | Noticed hornqvist's ghost (powerful NaFi)
 14675 | Lair:4   | Reached XP level 12. HP: 50/53 MP: 21/21
 15302 | Lair:4   | Reached skill level 22 in Stealth
 15986 | Lair:5   | Found a staircase to the Shoals.
 16111 | Lair:5   | Noticed a six-headed hydra
 16115 | Lair:5   | Killed a six-headed hydra
 16173 | Lair:5   | Reached skill level 23 in Stealth
 17246 | Lair:6   | Reached skill level 24 in Stealth
 17627 | Lair:6   | Noticed a catoblepas
 17641 | Lair:6   | Killed a catoblepas
 17862 | Lair:6   | Found a staircase to the Slime Pits.
 17863 | Lair:6   | Found a viscous altar of Jiyva.
 18110 | Lair:6   | Reached XP level 13. HP: 57/57 MP: 22/22
 18280 | Lair:7   | Killed from afar by a lindwurm

Action                   |  1- 3 |  4- 6 |  7- 9 | 10-12 | 13-15 || total
-------------------------+-------+-------+-------+-------+-------++-------
Melee: Dagger            |    97 |   220 |   366 |   671 |     7 ||  1361
       Quarterstaff      |       |     6 |       |       |       ||     6
       Hand axe          |       |       |    38 |   250 |    10 ||   298
 Fire: Blowgun           |    12 |    73 |    65 |    55 |       ||   205
 Cast: Apportation       |       |       |       |     8 |       ||     8
Invok: Call Merchant     |       |       |       |     3 |       ||     3
Evoke: Wand              |       |       |    20 |     7 |       ||    27
       Deck              |       |       |       |     1 |       ||     1
  Use: Scroll            |     5 |     9 |     5 |    11 |       ||    30
       Potion            |       |       |     2 |     6 |       ||     8
 Stab: Sleeping          |     8 |    12 |    27 |    85 |       ||   132
       Distracted        |       |     3 |     5 |    13 |       ||    21
       Confused          |       |       |     1 |       |       ||     1
       Invisible         |       |       |       |    10 |       ||    10
  Eat: Pizza             |       |     2 |     1 |     4 |       ||     7
       Bread ration      |       |       |     2 |       |       ||     2
       Fruit             |       |       |       |     4 |       ||     4
